[Event "Titled Tuesday Blitz July 25 Late 2023"]
[White "Fernandez Siles, Luis"]
[Black "Yanchenko, Roman"]
[WhiteFideId "2209420"]
[BlackFideId "4137329"]
[WhiteElo "2327"]
[BlackElo "2713"]
[Result "0-1"]
[Round "2"]
[TimeControl "180+2"]
[Date "2023.07.25"]
[WhiteClock "0:01:03"]
[BlackClock "0:01:54"]
[Board "77"]

1. e4 e6 2. d4 d5 3. Nd2 c5 4. c3 Nc6 5. Ngf3 cxd4 6. cxd4 Nf6 7. Bd3 dxe4 8. Nxe4 Bb4+ 9. Nc3 h6 10. O-O O-O 11. Bc2 b6 12. Qd3 Bxc3 13. bxc3 a5 14. Re1 Ba6 15. Qd1 Qd5 16. Bf4 Rac8 17. Ne5 Nxe5 18. Rxe5 Qc6 19. Re3 Nd5 20. Be4 Nxe3 0-1


[Site "https://www.chess.com"]

[Event "Titled Tuesday Blitz July 25 Late 2023"]
[White "Alex_Sahakyan2006"]
[Black "Sala, Giulia"]
[BlackFideId "2840451"]
[WhiteElo "2712"]
[BlackElo "2315"]
[Result "1-0"]
[Round "2"]
[TimeControl "180+2"]
[Date "2023.07.25"]
[WhiteClock "0:00:47"]
[BlackClock "0:00:13"]
[Board "78"]

1. b3 e5 2. Bb2 Nc6 3. c4 g6 4. h4 h5 5. Nf3 Bg7 6. e3 d6 7. d4 Bg4 8. Be2 Qe7 9. Nc3 exd4 10. Nd5 Qd8 11. Nxd4 Bxe2 12. Qxe2 Nxd4 13. exd4+ Ne7 14. Bc1 c6 15. Nxe7 Qxe7 16. Qxe7+ Kxe7 17. Be3 Kd7 18. O-O-O d5 19. Kc2 Rhe8 20. Kd3 Re4 21. f3 Re6 22. Bf2 Rae8 23. Rhe1 Bf6 24. Rc1 Bd8 25. Rxe6 Rxe6 26. cxd5 cxd5 27. Rc5 Ra6 28. Rxd5+ Ke7 29. a4 Rb6 30. Rb5 Rxb5 31. axb5 Bb6 32. Kc4 Kd6 33. Bg3+ Kd7 34. Kd5 Bd8 35. Be1 Bf6 36. g3 Be7 37. Bd2 Bd8 38. Bf4 Be7 39. Bb8 a6 40. bxa6 bxa6 41. Kc4 Kc6 42. d5+ Kd7 43. Bf4 Bd8 44. Kc5 Be7+ 45. Kb6 f6 46. Kxa6 g5 47. Bb8 f5 48. hxg5 Bxg5 49. f4 Be7 50. Be5 Bc5 51. Bf6 Bf2 52. Bh4 Kd6 53. b4 Kxd5 54. b5 Ke4 55. b6 Kf3 56. b7 Bxg3 57. Bxg3 Kxg3 58. b8=Q h4 59. Qe5 Kg4 60. Qe3 h3 61. Qf2 Kh5 62. Qh2 Kg4 63. Kb5 Kf3 64. Kc4 Kg4 65. Kd3 Kf3 66. Kd4 1-0


[Site "https://www.chess.com"]

[Event "Titled Tuesday Blitz July 25 Late 2023"]
[White "Sabuk, Piotr"]
[Black "Miguelitro69"]
[WhiteFideId "1137565"]
[WhiteElo "2702"]
[BlackElo "2310"]
[Result "0-1"]
[Round "2"]
[TimeControl "180+2"]
[Date "2023.07.25"]
[WhiteClock "0:00:00"]
[BlackClock "0:00:16"]
[Board "79"]

1. d4 d5 2. Nf3 Nf6 3. c4 e6 4. g3 Nbd7 5. Bg2 g6 6. O-O Bg7 7. b3 O-O 8. Bb2 b6 9. cxd5 exd5 10. Nc3 Bb7 11. Rc1 a6 12. Ne5 Re8 13. f4 Ne4 14. Nxe4 dxe4 15. Qc2 c5 16. Nxd7 Qxd7 17. dxc5 Bxb2 18. Qxb2 bxc5 19. Rfd1 Qc6 20. Rc4 Qb6 21. Rdc1 Rac8 22. Qc3 Red8 23. Bf1 a5 24. e3 Rd5 25. Rxe4 Qd6 26. Re5 Rd1 27. Rxc5 Rxc5 28. Qxc5 Qd2 29. Rxd1 Qxd1 30. Qd4 Qf3 31. Qd8+ Kg7 32. Qd4+ Kg8 33. Qd2 Qh1+ 34. Kf2 Qxh2+ 35. Ke1 Qxg3+ 36. Qf2 Qg4 37. Be2 Qd7 38. Bc4 Qe7 39. Qd2 Qb4 40. Qxb4 axb4 41. Kf2 Kg7 42. Kg3 f5 0-1


[Site "https://www.chess.com"]

[Event "Titled Tuesday Blitz July 25 Late 2023"]
[White "Barwinska, Ewa"]
[Black "Adewumi, Tanitoluwa"]
[WhiteFideId "21833761"]
[BlackFideId "30966396"]
[WhiteElo "2300"]
[BlackElo "2702"]
[Result "1-0"]
[Round "2"]
[TimeControl "180+2"]
[Date "2023.07.25"]
[WhiteClock "0:00:06"]
[BlackClock "0:00:08"]
[Board "80"]

1. e4 c5 2. Nf3 e6 3. c3 Nf6 4. e5 Nd5 5. d4 cxd4 6. cxd4 d6 7. Bc4 Nc6 8. O-O Be7 9. h3 O-O 10. Re1 Qc7 11. Bxd5 exd5 12. Bf4 dxe5 13. dxe5 Be6 14. Nc3 Rfd8 15. Rc1 Qb6 16. Na4 Qa6 17. a3 d4 18. Nc5 Bxc5 19. Rxc5 Qb6 20. b4 a5 21. Ng5 axb4 22. axb4 Nxb4 23. Rc1 d3 24. Qh5 h6 25. Ne4 Nd5 26. Bxh6 gxh6 27. Qxh6 Qb4 28. Nf6+ Nxf6 29. exf6 Qf8 30. Qg5+ Kh7 31. Re4 Qh6 32. Rh4 Qxh4 33. Qxh4+ Kg6 34. g4 d2 35. Rd1 Bb3 36. Qh5+ Kxf6 37. Qf5+ Ke7 38. Qe4+ Kf8 39. Rxd2 Ra1+ 40. Kh2 Rxd2 41. Qb4+ Rd6 42. Qxd6+ Kg7 43. Qe5+ f6 44. Qxa1 Bd5 45. Qb2 Bc6 46. f4 Kf7 47. g5 fxg5 48. fxg5 Kg6 49. Qf6+ Kh5 50. Qh6# 1-0


[Site "https://www.chess.com"]

[Event "Titled Tuesday Blitz July 25 Late 2023"]
[White "Santos, Rafael Ventura Dos"]
[Black "Gubajdullin, Alexei"]
[WhiteFideId "2122227"]
[BlackFideId "4141202"]
[WhiteElo "2297"]
[BlackElo "2696"]
[Result "1-0"]
[Round "2"]
[TimeControl "180+2"]
[Date "2023.07.25"]
[WhiteClock "0:00:28"]
[BlackClock "0:01:15"]
[Board "81"]

1. d4 Nf6 2. c4 g6 3. Nc3 Bg7 4. e4 d6 5. f3 O-O 6. Nge2 Nc6 7. d5 Ne5 8. Ng3 e6 9. Be3 exd5 10. cxd5 c5 11. Be2 a6 12. a4 Qa5 13. O-O Qb4 14. Qc2 Nc4 15. Bxc4 Qxc4 16. a5 b5 17. axb6 Qb4 18. Ra4 Qxb6 19. b4 Bd7 20. bxc5 Bxa4 21. Nxa4 Qb5 22. Rb1 Qa5 23. Bd2 Qc7 24. Be3 Rab8 25. Rc1 Nd7 26. c6 Ne5 27. h4 Rb4 28. h5 Nc4 29. Bf2 Bh6 30. Ra1 Rfb8 31. e5 Nxe5 32. Ne4 Bg7 33. h6 Nxf3+ 34. gxf3 Bxa1 35. Nac3 Rb2 36. Qd3 R8b3 37. Qd4 f6 38. Nxf6+ Kf7 39. Nd7 Rb1+ 40. Kg2 Bxc3 41. Qf4+ Kg8 42. Qf8# 1-0


[Site "https://www.chess.com"]

[Event "Titled Tuesday Blitz July 25 Late 2023"]
[White "Boder, Jan"]
[Black "Fisher_TheGalactic"]
[WhiteFideId "16243226"]
[WhiteElo "2294"]
[BlackElo "2692"]
[Result "1-0"]
[Round "2"]
[TimeControl "180+2"]
[Date "2023.07.25"]
[WhiteClock "0:00:24"]
[BlackClock "0:00:00"]
[Board "82"]

1. c4 e6 2. g3 d5 3. Bg2 Nf6 4. Nf3 Be7 5. O-O O-O 6. d4 c6 7. Nc3 Nbd7 8. Qd3 b6 9. b3 Ba6 10. e4 dxc4 11. bxc4 Nc5 12. Qc2 Bxc4 13. dxc5 Bxf1 14. Bxf1 Bxc5 15. e5 Nd5 16. Ne4 Be7 17. Qxc6 Nb4 18. Qa4 Qd5 19. Ned2 Rfc8 20. a3 Nc2 21. Rb1 Bc5 22. Bc4 Qc6 23. Qxc2 b5 24. Bd3 Bxf2+ 25. Kxf2 Qb6+ 26. Ke2 Rxc2 27. Bxc2 Rc8 28. Bd3 a6 29. Bb2 Rd8 30. Rc1 Qb7 31. Bd4 g6 32. Bc5 Qd5 33. Bd6 f6 34. Ne4 Qa2+ 35. Rc2 Qa1 36. Nxf6+ Kh8 37. Rc7 Qb2+ 38. Nd2 1-0


[Site "https://www.chess.com"]

[Event "Titled Tuesday Blitz July 25 Late 2023"]
[White "Jaracz, Pawel"]
[Black "Broca Jimenez, Fernando"]
[WhiteFideId "1102222"]
[BlackFideId "5104742"]
[WhiteElo "2692"]
[BlackElo "2286"]
[Result "1-0"]
[Round "2"]
[TimeControl "180+2"]
[Date "2023.07.25"]
[WhiteClock "0:01:04"]
[BlackClock "0:00:07"]
[Board "83"]

1. d4 Nf6 2. c4 e6 3. Nc3 Bb4 4. Bg5 c5 5. d5 exd5 6. cxd5 Ne4 7. Bxd8 Nxc3 8. Qc2 Ne4+ 9. Kd1 Nxf2+ 10. Kc1 Nxh1 11. a3 Be1 12. Bc7 O-O 13. Bd6 Re8 14. Nf3 Bf2 15. e4 Be3+ 16. Kb1 Nf2 17. e5 Ng4 18. Bxc5 Na6 19. Bd6 Bb6 20. Ng5 g6 21. Ne4 Nxe5 22. Nf6+ Kh8 23. Nxe8 1-0


[Site "https://www.chess.com"]

[Event "Titled Tuesday Blitz July 25 Late 2023"]
[White "Mohamed Saeed Laily"]
[Black "Goltsev, Dmitry"]
[WhiteFideId "9314946"]
[BlackFideId "24176710"]
[WhiteElo "2272"]
[BlackElo "2689"]
[Result "0-1"]
[Round "2"]
[TimeControl "180+2"]
[Date "2023.07.25"]
[WhiteClock "0:00:02"]
[BlackClock "0:00:10"]
[Board "84"]

1. d4 Nf6 2. Bg5 e6 3. e3 h6 4. Bh4 d5 5. Nd2 c5 6. c3 Nc6 7. f4 cxd4 8. exd4 Bd6 9. Qf3 Qc7 10. Nh3 Bd7 11. Bd3 a6 12. Bf2 O-O-O 13. O-O-O b5 14. Kb1 Kb8 15. Rc1 Ka8 16. b4 Rb8 17. Nb3 a5 18. a3 a4 19. Nc5 Bc8 20. Kb2 Nd7 21. Qe2 Na7 22. g3 Nb6 23. Ng1 g5 24. fxg5 hxg5 25. Nf3 Nc4+ 26. Bxc4 bxc4 27. Ne5 f6 28. Ng4 f5 29. Ne5 Nb5 30. h4 g4 31. h5 Rb6 32. h6 Rh7 33. Rh5 Qe7 34. Rch1 Qf6 35. Be3 Bxc5 36. dxc5 Qxe5 37. cxb6 Qxc3+ 38. Kb1 Nxa3+ 39. Ka2 Qb3+ 40. Ka1 Nc2+ 41. Qxc2 Qxc2 42. Rg5 c3 43. Bc1 Ba6 44. Rg7 Bd3 45. b7+ Ka7 46. Be3+ Ka6 47. b8=Q Qb2# 0-1


[Site "https://www.chess.com"]

[Event "Titled Tuesday Blitz July 25 Late 2023"]
[White "Boyer, Mahel"]
[Black "Celestino, Rafael Teixeira"]
[WhiteFideId "45102422"]
[BlackFideId "2108925"]
[WhiteElo "2680"]
[BlackElo "2269"]
[Result "1-0"]
[Round "2"]
[TimeControl "180+2"]
[Date "2023.07.25"]
[WhiteClock "0:01:43"]
[BlackClock "0:02:02"]
[Board "85"]

1. e4 e5 2. Nf3 Nc6 3. Bb5 a6 4. Bxc6 dxc6 5. O-O Bg4 6. h3 Bxf3 7. Qxf3 Nf6 8. d3 h6 9. Nd2 Bc5 10. Nc4 Qe7 11. Qg3 Bd6 12. Qxg7 O-O-O 13. Qg3 Nh5 14. Qg4+ Kb8 15. Qxh5 Bc5 16. Qxe5 Qd7 17. Qxc5 Rhg8 18. Bf4 Qxh3 19. Bxc7+ Kxc7 20. Qe5+ Kc8 21. Nb6# 1-0


[Site "https://www.chess.com"]

[Event "Titled Tuesday Blitz July 25 Late 2023"]
[White "rikchessmx"]
[Black "Velikanov, Alexander"]
[BlackFideId "2039290"]
[WhiteElo "2266"]
[BlackElo "2676"]
[Result "0-1"]
[Round "2"]
[TimeControl "180+2"]
[Date "2023.07.25"]
[WhiteClock "0:01:40"]
[BlackClock "0:01:49"]
[Board "86"]

1. e4 g6 2. d4 Bg7 3. f3 d5 4. e5 c5 5. f4 cxd4 6. Qxd4 Nc6 7. Qd1 f6 8. exf6 Nxf6 9. Nf3 O-O 10. h3 Nh5 11. g4 Nxf4 12. Bxf4 Rxf4 13. c3 e5 14. Bg2 e4 15. Ng1 Qh4+ 16. Kd2 Rf2+ 17. Ne2 Rxg2 18. Na3 d4 19. cxd4 Nxd4 20. Re1 Qg5+ 21. Kc3 Nxe2+ 0-1


[Site "https://www.chess.com"]

[Event "Titled Tuesday Blitz July 25 Late 2023"]
[White "Sariego Figueredo, Wilfredo"]
[Black "Salimova, Nurgyul"]
[WhiteFideId "3500080"]
[BlackFideId "2915138"]
[WhiteElo "2246"]
[BlackElo "2671"]
[Result "0-1"]
[Round "2"]
[TimeControl "180+2"]
[Date "2023.07.25"]
[WhiteClock "0:01:41"]
[BlackClock "0:01:20"]
[Board "87"]

1. d4 Nf6 2. Bf4 d5 3. e3 Bf5 4. Bd3 e6 5. Nf3 Nbd7 6. Bxf5 exf5 7. Qd3 g6 8. c4 c6 9. Nc3 dxc4 10. Qxc4 Be7 11. Ne5 Nxe5 12. Bxe5 O-O 13. O-O Ng4 14. Bg3 Bd6 15. Bxd6 Qxd6 16. g3 Rfe8 17. Rac1 h5 18. h3 Nxe3 19. fxe3 Qxg3+ 20. Kh1 Qxh3+ 21. Kg1 Rxe3 22. Ne2 Qg4+ 23. Kf2 Rae8 24. Rc2 Rf3+ 25. Ke1 Qh4+ 26. Kd2 Rxf1 27. b3 Qe1+ 28. Kd3 Rf3# 0-1


[Site "https://www.chess.com"]

[Event "Titled Tuesday Blitz July 25 Late 2023"]
[White "Weetik, Vjacheslav"]
[Black "Alexikov, Alexander"]
[WhiteFideId "4153472"]
[BlackFideId "14103958"]
[WhiteElo "2669"]
[BlackElo "2231"]
[Result "1-0"]
[Round "2"]
[TimeControl "180+2"]
[Date "2023.07.25"]
[WhiteClock "0:00:40"]
[BlackClock "0:00:00"]
[Board "88"]

1. d4 Nf6 2. c4 g6 3. Nc3 Bg7 4. e4 d6 5. Nf3 O-O 6. Be2 e5 7. O-O Na6 8. Be3 Ng4 9. Bg5 f6 10. Bh4 Kh8 11. c5 exd4 12. Nxd4 dxc5 13. Nb3 Qxd1 14. Rfxd1 b6 15. Nd5 c6 16. Bxa6 cxd5 17. Bxc8 Raxc8 18. exd5 g5 19. Bg3 f5 20. Bd6 Rfe8 21. h3 Nf6 22. Nd2 Nxd5 23. Nc4 Nb4 24. a4 Nc2 25. Rac1 Nd4 26. Kf1 Rcd8 27. b4 cxb4 28. Bxb4 Nc6 29. Ba3 Rxd1+ 30. Rxd1 Rd8 31. Rc1 Nd4 32. Nd6 Kg8 33. Rc7 Be5 34. Rc4 a6 35. Nc8 1-0


[Site "https://www.chess.com"]

[Event "Titled Tuesday Blitz July 25 Late 2023"]
[White "Manukyan, Sargis A."]
[Black "Ardila, Oscar Humberto"]
[WhiteFideId "13303970"]
[BlackFideId "4404742"]
[WhiteElo "2665"]
[BlackElo "2231"]
[Result "1-0"]
[Round "2"]
[TimeControl "180+2"]
[Date "2023.07.25"]
[WhiteClock "0:00:14"]
[BlackClock "0:00:01"]
[Board "89"]

1. d4 Nf6 2. c4 e6 3. Nc3 Bb4 4. a3 Bxc3+ 5. bxc3 O-O 6. e3 d6 7. Bd3 c5 8. Ne2 Nc6 9. O-O b6 10. e4 e5 11. f4 cxd4 12. cxd4 exd4 13. Bb2 Qe7 14. Ng3 Bg4 15. Qd2 Rac8 16. h3 Bd7 17. Rae1 Ne8 18. e5 dxe5 19. fxe5 Qc5 20. Qf4 Be6 21. Nh5 g6 22. Nf6+ Nxf6 23. exf6 Rfd8 24. Rxe6 fxe6 25. f7+ Kf8 26. Qh6+ Ke7 27. Bc1 Rf8 28. Bg5+ Kd7 29. Qh4 Qxa3 30. Be4 Ne5 31. Qxh7 Qc5 32. Qg7 d3+ 33. Kh1 Kc7 34. Bf4 Kd6 35. Rd1 Ke7 36. Bg5+ Kd6 37. Bxd3 Kc7 38. Bf4 Kb7 39. Be4+ Ka6 40. Bxe5 Qa3 41. Ra1 Qxa1+ 42. Bxa1 1-0


[Site "https://www.chess.com"]

[Event "Titled Tuesday Blitz July 25 Late 2023"]
[White "KSho99"]
[Black "Wieczorek, Oskar"]
[BlackFideId "1133950"]
[WhiteElo "2223"]
[BlackElo "2659"]
[Result "0-1"]
[Round "2"]
[TimeControl "180+2"]
[Date "2023.07.25"]
[WhiteClock "0:00:16"]
[BlackClock "0:01:14"]
[Board "90"]

1. d4 Nf6 2. Nc3 c5 3. d5 g6 4. e4 d6 5. h3 Bg7 6. Nf3 O-O 7. a4 e6 8. Be2 exd5 9. exd5 Na6 10. Bf4 Nb4 11. O-O a6 12. Qd2 Bf5 13. Rac1 Re8 14. Bc4 Ne4 15. Nxe4 Rxe4 16. b3 Na2 17. Bd3 Bc3 18. Bxe4 Bxd2 19. Nxd2 Nxc1 20. Rxc1 Qf6 21. Bg3 Re8 22. Re1 Qc3 0-1


[Site "https://www.chess.com"]

[Event "Titled Tuesday Blitz July 25 Late 2023"]
[White "Lopez Perdomo, Juan David"]
[Black "Bernabeu Lopez, Carlos Javier"]
[WhiteFideId "4405137"]
[BlackFideId "2235366"]
[WhiteElo "2212"]
[BlackElo "2654"]
[Result "0-1"]
[Round "2"]
[TimeControl "180+2"]
[Date "2023.07.25"]
[WhiteClock "0:00:10"]
[BlackClock "0:02:32"]
[Board "91"]

1. d4 Nf6 2. e3 g6 3. c4 Bg7 4. Nc3 O-O 5. Bd3 d6 6. Nge2 Nc6 7. a3 e5 8. O-O Bg4 9. f3 exd4 10. Nxd4 Bd7 11. Nxc6 Bxc6 12. e4 a5 13. Bg5 h6 14. Bh4 g5 15. Bf2 Nh5 16. Qd2 Qf6 17. Rab1 Nf4 18. Ne2 Nxe2+ 19. Qxe2 a4 20. c5 d5 21. exd5 Bxd5 22. Rfd1 Bc6 23. Bc2 Rfe8 24. Qd3 Rad8 25. Qh7+ Kf8 26. Be1 Rxd1 27. Bxd1 Rxe1+ 28. Kf2 Re8 29. Bc2 Qd4+ 30. Kg3 Qh4# 0-1


[Site "https://www.chess.com"]

[Event "Titled Tuesday Blitz July 25 Late 2023"]
[White "Taghizadeh, Rayan"]
[Black "Vila Dupla, Aurelio"]
[WhiteFideId "2054019"]
[BlackFideId "2203383"]
[WhiteElo "2633"]
[BlackElo "2190"]
[Result "1-0"]
[Round "2"]
[TimeControl "180+2"]
[Date "2023.07.25"]
[WhiteClock "0:01:48"]
[BlackClock "0:01:26"]
[Board "92"]

1. e4 c5 2. Nf3 d6 3. Bb5+ Nd7 4. a4 Nf6 5. Nc3 g6 6. e5 dxe5 7. Nxe5 a6 8. Nxd7 Bxd7 9. Bxd7+ Qxd7 10. O-O Bg7 11. Qf3 O-O 12. a5 c4 13. Ra4 Rac8 14. Rb4 Rc7 15. Rd1 e6 16. d3 cxd3 17. Rxd3 Qc8 18. Bf4 Nd5 19. Nxd5 exd5 20. Bxc7 Qxc7 21. Qxd5 Qxc2 22. Rxb7 Re8 23. Qxf7+ 1-0


[Site "https://www.chess.com"]

[Event "Titled Tuesday Blitz July 25 Late 2023"]
[White "Novikova, Margarita"]
[Black "Danielyan, Vahe"]
[WhiteFideId "14109689"]
[BlackFideId "13304828"]
[WhiteElo "2170"]
[BlackElo "2630"]
[Result "0-1"]
[Round "2"]
[TimeControl "180+2"]
[Date "2023.07.25"]
[WhiteClock "0:00:00"]
[BlackClock "0:01:13"]
[Board "93"]

1. e4 c6 2. d4 d5 3. exd5 cxd5 4. Bd3 Nc6 5. c3 Nf6 6. Nf3 g6 7. O-O Bg7 8. Bg5 O-O 9. Qd2 Bf5 10. Bxf5 gxf5 11. Bh6 Ne4 12. Qc1 e6 13. Bxg7 Kxg7 14. Nbd2 Qf6 15. Ne1 Qg6 16. f3 Nd6 17. Nd3 Qh6 18. Nb3 Qxc1 19. Raxc1 b6 20. Nd2 Rac8 21. Rfe1 Rc7 22. Ne5 Nxe5 23. dxe5 Nb7 24. Nb3 Rfc8 25. f4 Nc5 26. Rcd1 Ne4 27. Nd4 a6 28. h3 h5 29. Kh2 b5 30. a3 Rc4 31. g4 hxg4 32. hxg4 fxg4 33. f5 Rh8+ 34. Kg2 Rh3 35. fxe6 Rg3+ 36. Kh2 Rc8 37. Rxe4 Rh3+ 38. Kg2 dxe4 39. e7 Rch8 40. Nf5+ Kg6 41. Ng3 Re8 42. Rd4 Rxe7 43. Rxe4 Kg5 44. Nf1 f5 45. Re3 Rxe3 46. Nxe3 Rxe5 47. Nc2 Re2+ 0-1


[Site "https://www.chess.com"]

[Event "Titled Tuesday Blitz July 25 Late 2023"]
[White "Sipila, Vilka"]
[Black "Djordjevic, Dejan N"]
[WhiteFideId "505455"]
[BlackFideId "913316"]
[WhiteElo "2629"]
[BlackElo "2081"]
[Result "0-1"]
[Round "2"]
[TimeControl "180+2"]
[Date "2023.07.25"]
[WhiteClock "0:00:08"]
[BlackClock "0:00:05"]
[Board "94"]

1. Nf3 Nf6 2. g3 g6 3. b3 Bg7 4. Bb2 O-O 5. Bg2 d6 6. d4 c6 7. O-O a6 8. c4 b5 9. Nc3 Ra7 10. e4 b4 11. Na4 Nxe4 12. Re1 Nf6 13. h3 a5 14. Qd2 Bd7 15. g4 h5 16. g5 Nh7 17. c5 d5 18. Ne5 Bf5 19. a3 bxa3 20. Rxa3 Nxg5 21. Qxg5 f6 22. Nxc6 Nxc6 23. Qd2 Nb4 24. Nb6 Ra6 25. Rea1 e6 26. Rxa5 Rxa5 27. Rxa5 Nd3 28. Bc3 g5 29. Ra7 Nf4 30. h4 Nxg2 31. Kxg2 g4 32. Qf4 Be4+ 33. Kh2 e5 34. Qg3 f5 35. Kg1 f4 36. Qh2 exd4 37. Rxg7+ Kxg7 38. Bxd4+ Kg6 39. c6 Qc7 40. f3 Bxf3 41. Qc2+ Be4 42. Qc5 Rf7 43. Nd7 Rxd7 44. cxd7 Qxd7 45. Qf8 g3 46. Qf6+ Kh7 47. Qh8+ Kg6 48. Qg8+ Kf5 49. Qf8+ Kg4 50. Be5 Bf5 51. Qg7+ Kf3 52. Qg5 Qa7+ 53. Bd4 Qxd4+ 0-1


[Site "https://www.chess.com"]

[Event "Titled Tuesday Blitz July 25 Late 2023"]
[White "Butolo, Alexandru-Mircea"]
[Black "Sochacki, Christophe"]
[WhiteFideId "1261649"]
[BlackFideId "662569"]
[WhiteElo "1806"]
[BlackElo "2627"]
[Result "0-1"]
[Round "2"]
[TimeControl "180+2"]
[Date "2023.07.25"]
[WhiteClock "0:01:57"]
[BlackClock "0:00:13"]
[Board "95"]

1. Nf3 Nf6 2. e3 e6 3. d4 d5 4. b3 c5 5. Bb2 Nc6 6. a3 cxd4 7. exd4 g6 8. Bd3 Bg7 9. O-O O-O 10. Nbd2 Bd7 11. Ne5 Rc8 12. c4 dxc4 13. bxc4 Be8 14. Ndf3 Nxe5 15. Nxe5 Nd7 16. Qe2 Nxe5 17. dxe5 Bc6 18. Rfd1 Qg5 19. Be4 Bxe5 20. Bxc6 Bxb2 21. Bxb7 Bxa1 22. Bxc8 Rxc8 23. Rxa1 Qf4 24. g3 Qxc4 25. Qe3 a5 26. Rd1 a4 27. Rd4 Qc2 28. Qf4 Qb1+ 29. Kg2 Qb7+ 30. Kg1 e5 31. Qxe5 Rc1+ 0-1


[Site "https://www.chess.com"]

[Event "Titled Tuesday Blitz July 25 Late 2023"]
[White "Sarana, Alexey"]
[Black "Machidon, Cristi"]
[WhiteFideId "24133795"]
[BlackFideId "13904590"]
[WhiteElo "3038"]
[BlackElo "2513"]
[Result "1-0"]
[Round "2"]
[TimeControl "180+2"]
[Date "2023.07.25"]
[WhiteClock "0:01:20"]
[BlackClock "0:00:08"]
[Board "96"]

1. d4 Nf6 2. c4 e6 3. Nf3 b6 4. g3 Ba6 5. Nbd2 Bb7 6. Qc2 c5 7. e4 cxd4 8. Nxd4 Bb4 9. Bg2 Nc6 10. Nf3 O-O 11. O-O Qc7 12. a3 Bxd2 13. Bxd2 Rac8 14. Bf4 e5 15. Bg5 Ne8 16. b4 h6 17. Be3 d6 18. Rac1 Nf6 19. Nh4 Ne7 20. Rfd1 Rfd8 21. f3 d5 22. exd5 Nexd5 23. Bf2 Ne7 24. Rxd8+ Rxd8 25. c5 bxc5 26. Qxc5 Qxc5 27. Bxc5 Nc8 28. Nf5 a6 29. Ne3 Nd7 30. Nc4 Nxc5 31. bxc5 f6 32. Na5 Bd5 33. c6 Ne7 34. Bf1 Kf8 35. c7 Ra8 36. Nc4 Bxc4 37. Bxc4 Ke8 38. Be6 Nc8 39. Rd1 Ke7 40. Bf5 Nd6 41. Rxd6 1-0


[Site "https://www.chess.com"]

[Event "Titled Tuesday Blitz July 25 Late 2023"]
[White "Bortnyk, Olexandr"]
[Black "Tikhonov, Viacheslav"]
[WhiteFideId "14120828"]
[BlackFideId "44196407"]
[WhiteElo "3008"]
[BlackElo "2510"]
[Result "1-0"]
[Round "2"]
[TimeControl "180+2"]
[Date "2023.07.25"]
[WhiteClock "0:01:09"]
[BlackClock "0:00:22"]
[Board "97"]

1. d4 d5 2. Nc3 Nf6 3. Bf4 c5 4. e4 dxe4 5. dxc5 Qxd1+ 6. Rxd1 Bd7 7. b4 g6 8. Bc4 Bg7 9. Nge2 O-O 10. O-O Nc6 11. a3 a6 12. Nd5 Nxd5 13. Bxd5 Bg4 14. Rfe1 Bb2 15. Bc1 Bxc1 16. Rxc1 Rfd8 17. Bxe4 Rd2 18. f3 Be6 19. Kf2 Rad8 20. Ke3 Bc4 21. Bd3 R2xd3+ 22. cxd3 Rxd3+ 23. Kf2 Bb5 24. Nc3 Bc4 25. Red1 Ne5 26. f4 Ng4+ 27. Kg1 Re3 28. h3 Nf6 29. Re1 Rd3 30. Rxe7 Nh5 31. a4 Nxf4 32. Re4 Rxc3 33. Rxc3 Ne2+ 34. Rxe2 Bxe2 35. Kf2 Bd1 36. b5 Bxa4 37. c6 Bxb5 38. cxb7 Bd7 39. b8=Q+ 1-0


[Site "https://www.chess.com"]

[Event "Titled Tuesday Blitz July 25 Late 2023"]
[White "Koc, Przemyslaw"]
[Black "Kramnik, Vladimir"]
[WhiteFideId "1109081"]
[BlackFideId "4101588"]
[WhiteElo "2500"]
[BlackElo "2996"]
[Result "0-1"]
[Round "2"]
[TimeControl "180+2"]
[Date "2023.07.25"]
[WhiteClock "0:00:00"]
[BlackClock "0:00:20"]
[Board "98"]

1. d4 d5 2. Nf3 Nf6 3. c3 c5 4. e3 e6 5. Bd3 b6 6. O-O Nbd7 7. Nbd2 Bb7 8. Qe2 Ne4 9. c4 Bd6 10. b3 O-O 11. Bb2 f5 12. Ne5 Nxd2 13. Qxd2 Nxe5 14. dxe5 Bc7 15. Qe2 Qg5 16. f4 Qg6 17. Rad1 Rad8 18. cxd5 Bxd5 19. Bc4 Be4 20. a4 h5 21. h4 Kh7 22. Kh2 Rfe8 23. g3 Qf7 24. Bb5 Rf8 25. Bc3 Kg6 26. Rxd8 Rxd8 27. Rd1 Qe7 28. Rd2 Rxd2 29. Qxd2 Qd8 30. Qxd8 Bxd8 31. Be8+ Kh6 32. Bb5 Bd5 33. Bc4 Kg6 34. Kg1 Kf7 35. Kf2 a6 36. Ke1 b5 37. axb5 axb5 38. Bxd5 exd5 39. Ke2 Ke6 40. Kd3 c4+ 41. Kc2 Bb6 42. Bd4 Ba5 43. bxc4 dxc4 44. Kd1 Kd5 45. Ke2 g6 46. Bb2 c3 0-1


[Site "https://www.chess.com"]

[Event "Titled Tuesday Blitz July 25 Late 2023"]
[White "Cesar Maestre, Bernardo"]
[Black "Miladinovic, Igor"]
[WhiteFideId "24542547"]
[BlackFideId "4203380"]
[WhiteElo "2497"]
[BlackElo "2836"]
[Result "1-0"]
[Round "2"]
[TimeControl "180+2"]
[Date "2023.07.25"]
[WhiteClock "0:00:10"]
[BlackClock "0:00:21"]
[Board "99"]

1. e4 c5 2. Nc3 Nc6 3. g3 g6 4. Bg2 Bg7 5. d3 d6 6. h4 h6 7. Be3 b6 8. Qd2 Bb7 9. h5 g5 10. f4 Nf6 11. Nf3 Ng4 12. Bg1 Nd4 13. O-O-O Qd7 14. Kb1 e6 15. fxg5 O-O-O 16. Nxd4 cxd4 17. Ne2 Ne3 18. Bxe3 dxe3 19. Qxe3 hxg5 20. Qxg5 Rdg8 21. Qe3 Qb5 22. d4 Rxh5 23. Rxh5 Qxh5 24. Bf3 Qg6 25. a4 Bf6 26. e5 Bg5 27. Bxb7+ Kxb7 28. Qf3+ d5 29. a5 bxa5 30. Rd3 a4 31. Ra3 Qe4 32. Qxf7+ Kb6 33. Qxe6+ Ka5 34. Qxg8 Bd2 35. Qd8+ Kb5 36. Qd7+ Kb6 37. Qxa4 Qxe2 38. Qxa7+ Kc6 39. Qa6+ Qxa6 40. Rxa6+ Kb5 41. Rd6 Kc4 42. g4 Kxd4 43. e6 Bg5 44. Rd7 Kc5 45. e7 1-0


[Site "https://www.chess.com"]

[Event "Titled Tuesday Blitz July 25 Late 2023"]
[White "WindWhistler11"]
[Black "Mekhitarian, Krikor Sevag"]
[BlackFideId "2107660"]
[WhiteElo "2449"]
[BlackElo "2769"]
[Result "0-1"]
[Round "2"]
[TimeControl "180+2"]
[Date "2023.07.25"]
[WhiteClock "0:00:34"]
[BlackClock "0:01:58"]
[Board "100"]

1. Nf3 d5 2. c4 d4 3. e3 Nc6 4. d3 g6 5. e4 Bg7 6. g3 a5 7. Bg2 e5 8. O-O Nge7 9. Na3 O-O 10. Nc2 h6 11. Rb1 Be6 12. b3 Rb8 13. Ba3 b5 14. Bxe7 Qxe7 15. Qd2 a4 16. cxb5 Rxb5 17. bxa4 Rc5 18. Nb4 Ra8 19. Nxc6 Rxc6 20. a5 Rc3 21. Rfc1 Qa3 22. Rxc3 dxc3 23. Qc1 Rxa5 24. Qxa3 Rxa3 25. Rc1 Bxa2 26. Ne1 h5 27. Nc2 Ra5 28. Nb4 Be6 29. Rxc3 Ra1+ 30. Bf1 Bh3 0-1


[Site "https://www.chess.com"]